 Dungeon Crawl Stone Soup version 0.30-a0-939-gc8157cb160 (webtiles) character file.

Game seed: 13444431554779479136

104 Sobieck the Ruffian (level 4, -6/45 HPs)
             Began as a Troll Monk on Mar 25, 2023.
             Mangled by Crazy Yiuf
             ... wielding a +4 quarterstaff of chaos
              (12 damage)
             ... on level 2 of the Dungeon.
             The game lasted 00:03:08 (1567 turns).

Sobieck the Ruffian (Troll Monk)                    Turns: 1567, Time: 00:03:08

Health: -6/45      AC:  4    Str: 21    XL:     4   Next: 52%
Magic:  0/3        EV: 10    Int:  6    God:
Gold:   74         SH:  0    Dex: 12    Spells: 3/3 levels left

rFire   . . .      SeeInvis .      - Unarmed
rCold   . . .      Faith    .    (no shield)
rNeg    . . .      Spirit   .    a - +0 robe
rPois   .          Reflect  .    (helmet restricted)
rElec   .          Rampage  .    (no cloak)
rCorr   .                        (gloves unavailable)
Will    .....                    (boots unavailable)
Stlth   ++                       (no amulet)
HPRegen 1.07/turn                (no ring)
MPRegen 0.08/turn                (no ring)

@: no status effects
A: large, unfitting armour, claws 3, regeneration 1, shaggy fur 1, tough skin 1
a: no special abilities


You were on level 2 of the Dungeon.
You visited 1 branch of the dungeon, and saw 2 of its levels.

You collected 74 gold pieces.


Innate Abilities, Weirdness & Mutations

You are too large for most types of armour.
You have claws for hands.
Your natural rate of healing is unusually fast.
You are covered in fur. (AC +1)
You have tough skin. (AC +1)


   Skills:
 + Level 3.5 Fighting
 - Level 2.4 Dodging
 - Level 1.0 Stealth
 + Level 4.3 Unarmed Combat


You had 3 spell levels left.
You didn't know any spells.
Your spell library was empty.

Inventory:

Hand Weapons
 b - a +0 sling
   (You found it on level 1 of the Dungeon)
 e - a +0 dagger of venom {short}
   (You found it on level 1 of the Dungeon)
Missiles
 g - 4 poisoned darts {throwing}
 i - 19 stones {throwing}
Armour
 a - a +0 robe (worn)
 p - a +0 animal skin
   (You took it off Robin on level 2 of the Dungeon)
Magical Staves
 o - a staff of poison {!astaff}
   (You found it on level 2 of the Dungeon)
Scrolls
 f - a scroll of immolation {!r!r}
 h - 2 scrolls of identify {unknown}
 l - 2 scrolls of vulnerability {unknown}
 m - a scroll of poison {unknown}
 n - a scroll of torment {unknown}
 q - a scroll of magic mapping {unknown}
Potions
 c - a potion of curing {unknown}
 d - a potion of ambrosia
 j - a potion of haste {unknown}
 k - 2 potions of magic {unknown}

Dungeon Overview and Level Annotations

Branches:
Dungeon (2/15) Zot: 10439

Altars:

Annotations:
D:2 Crazy Yiuf

#..##.#.######## #
#.##.#### # #.#.## #
#...# # ##### ######
#..... ####
######..... #)..###
##.#..#.....
#...@.####...........
#..g##..#............
#### ###.#..#........
#######.......
#....... #####.......
#.......####
#.......# #####...#


You could see Crazy Yiuf.


Message History

Unknown command.
You claw Robin!
You kill Robin!
You closely miss the hobgoblin.
A goblin comes into view. It is wielding a +0 club.
The hobgoblin closely misses you.
Unknown command.
You claw the hobgoblin!
You kill the hobgoblin!
Unknown command.
The goblin hits you but does no damage.
Items here: ))) [[ ††††.
You scratch the goblin. The goblin hits you but does no damage.
Unknown command.
You closely miss the goblin. The goblin hits you but does no damage.
You claw the goblin!
You kill the goblin!
Unknown command.
You claw the hobgoblin!
You kill the hobgoblin!
You closely miss the goblin. The goblin closely misses you.
Unknown command.
You claw the goblin!
You kill the goblin!
You claw the goblin!
You kill the goblin!
Items here: ))))) †††.
Unknown command.
b - a +0 sling (weapon)
Unknown command.
p - a +0 animal skin
Items here: ))) [ ††††.
Items here: ))))) †††.
There is a stone staircase leading down here.
You see here a +0 ring mail.
A goblin comes into view. It is wielding a +0 dagger.
The goblin moves out of view.
Unknown command.
Danger!
You shoot a sling bullet.
The sling bullet closely misses the goblin.
No target in view!
You are now empty-clawed.
No target in view!
Unknown command.
Danger!
You scratch the goblin. The goblin hits you but does no damage.
You scratch the goblin.
You kill the goblin!
No target in view!
b - a +0 sling (weapon)
You see here a +0 dagger {short}.
You now have 33 gold pieces (gained 12).
You now have 38 gold pieces (gained 5).
You now have 55 gold pieces (gained 17).
You now have 74 gold pieces (gained 19).
Crazy Yiuf shouts! 3 jackals come into view.
The jackal barks! x2
Danger!
You shoot a sling bullet.
The sling bullet barely misses the jackal.
You shoot a sling bullet.
The sling bullet hits the jackal but does no damage.
The jackal barely misses you.
You are now empty-clawed.
You claw the jackal!
You kill the jackal!
You claw the jackal!
You kill the jackal!
The jackal bites you.
You closely miss the jackal. The jackal closely misses you.
You claw the jackal!
You kill the jackal!
No target in view!
No target in view!
You see here a jackal corpse.
q - a scroll labelled TUCAPS KUSSE
Found a stone staircase leading up.
You open the door.
There is an open door here.
You see here a +0 ring mail.
You see here a +0 dagger {short}.
Unknown command.
You open the door.
Danger!
Crazy Yiuf shouts!
Crazy Yiuf hits you with a +4 quarterstaff of chaos!
You feel your power leaking away.
There is an open translucent door, spattered with blood here.
You closely miss Crazy Yiuf. You scratch Crazy Yiuf.
Crazy Yiuf closely misses you.
Unknown command.
You scratch Crazy Yiuf but do no damage.
Crazy Yiuf hits you with a +4 quarterstaff of chaos!
Space warps horribly around you!!
* * * LOW HITPOINT WARNING * * *
You barely miss Crazy Yiuf.
Crazy Yiuf hits you with a +4 quarterstaff of chaos!
You die...

Skill      XL: |  1  2  3 |
---------------+----------+-----
Fighting       | 3 |  3.5
Unarmed Combat | 4 |  4.3
Dodging        | |  2.4
Stealth        | |  1.0

Action                     |  1- 3 |  4- 6 || total
---------------------------+-------+-------++-------
  Melee: Unarmed           |    58 |    35 ||    93
   Fire: Sling             |    51 |     8 ||    59
 Armour: Robe              |    17 |     7 ||    24
  Dodge: Dodged            |    32 |     7 ||    39

Levels and vault maps discovered:
D:1:      sevenhm_arrival_forest_fort_small_5, layout_basic,
          hellmonk_ecumenical_altar_blasted
D:2:      layout_basic, amethyst_killhole, uniq_crazy_yiuf_cottage, uniq_robin

Notes
Turn   | Place    | Note
-------+----------+-------------------------------------------
     0 | D:1      | Sobieck the Troll Monk began the quest for the Orb.
     0 | D:1      | Reached XP level 1. HP: 22/22 MP: 0/0
    59 | D:1      | Reached XP level 2. HP: 29/29 MP: 1/1
   321 | D:1      | Found a faded altar of an unknown god.
   677 | D:1      | Reached skill level 3 in Fighting
   680 | D:1      | Reached XP level 3. HP: 37/37 MP: 2/2
  1096 | D:2      | Reached skill level 4 in Unarmed Combat
  1240 | D:2      | Reached XP level 4. HP: 45/45 MP: 3/3
  1278 | D:2      | Noticed Robin
  1318 | D:2      | Killed Robin
  1385 | D:2      | Found a runed translucent door.
  1386 | D:2      | Noticed Crazy Yiuf
  1566 | D:2      | HP: 5/45 [Crazy Yiuf/+4 quarterstaff of chaos (21)]
  1567 | D:2      | Mangled by Crazy Yiuf

Vanquished Creatures
  Robin (D:2)
  3 adders (D:2)
  A dart slug (D:1)
  3 bats
  6 endoplasms
  2 giant cockroaches (D:1)
  12 goblins
  7 hobgoblins
  7 jackals
  4 kobolds (D:2)
  A quokka (D:1)
  4 ball pythons (D:1)
  2 frilled lizards (D:2)
  3 rats
56 creatures vanquished.

Table legend:
 A = Non-vault XP
 B = Vault XP
 C = Vault XP percentage of total XP
 D = Non-vault monster count
 E = Vault monster count
 F = Vault count percentage of total count
                 A         B        C        D         E       F
            +---------+---------+-------+---------+---------+-------
      Total |     116 |      33 |  22.1 |      45 |      11 |  19.6
            +---------+---------+-------+---------+---------+-------
        D:1 |      45 |       0 |   0.0 |      23 |       0 |   0.0
        D:2 |      71 |      33 |  31.7 |      22 |      11 |  33.3
            +---------+---------+-------+---------+---------+-------

Illustrated notes

Table legend:
 A = Kills in this place as a percentage of kills in the entire game.
 B = Kills by you in this place as a percentage of kills by you in the entire game.
 C = Kills by friends in this place as a percentage of kills by friends in the entire game.
 D = Other kills in this place as a percentage of other kills in the entire game.
 E = Experience gained in this place as a percentage of experience gained in the entire game.
 F = Experience gained in this place divided by the number of levels of this place that you have seen.
                   A       B       C       D       E      F
               +-------+-------+-------+-------+-------+----------------------
         Total | 100.0 | 100.0 |   N/A |   N/A | 100.0 |  74.5
       Dungeon | 100.0 | 100.0 |   N/A |   N/A | 100.0 |  74.5
               +-------+-------+-------+-------+-------+----------------------

Table legend: (Time is in decaauts)
 A = Elapsed time spent in this place.
 B = Non-inter-level travel time spent in this place.
 C = Inter-level travel time spent in this place.
 D = Time resting spent in this place.
 E = Time spent auto-exploring this place.
 F = Levels seen in this place.
 G = Mean time per level.
                   A        B        C        D        E       F      G
               +--------+--------+--------+--------+--------+-----+--------+
         Total |   1559 |   1498 |     61 |      0 |   1212 |   2 |  779.5 |
       Dungeon |   1559 |   1498 |     61 |      0 |   1212 |   2 |  779.5 |
               +--------+--------+--------+--------+--------+-----+--------+

Top non-repeatable levels by time:
     D:1: 912 daAuts
     D:2: 647 daAuts
